Map: Scythe of Amon

Players

monk

  • Race: Terran Terran
  • Spawn Location: 5:00

sTkmonk

  • Race: Terran Terran
  • Spawn Location: 5:00

VOD

Have the link to the VOD?

Description

Time

  • Played on: Sept. 19, 2017, midnight
  • Length: 23:33
Show
View Real Time Build Order
Export as new Build Order

monk Terran 

Build Orders:  

Get SALT Encoding   

  12  0:06  SCV  
  13  0:23  SCV  
  13  0:27  Supply Depot  
  15  0:40  SCV  
  15  0:42  Refinery  
  15  0:58  Refinery  
  16  1:00  SCV  
  16  1:17  SCV  
  17  1:34  SCV  
  19  1:51  SCV  
  19  2:08  SCV  
  19  2:09  Factory  
  20  2:25  SCV  
  22  2:41  Supply Depot  
  22  2:42  SCV  
  22  2:59  SCV  
  23  3:11  Starport, Factory Tech Reactor  
  23  3:16  SCV  
  24  3:33  SCV  
  25  3:45  Factory Tech Reactor  
  24  3:50  SCV  
  26  3:55  Supply Depot  
  26  4:06  SCV  
  27  4:14  Siege Tank  
  27  4:15  Siege Tank  
  33  4:23  Starport Tech Reactor, SCV  
  33  4:24  Hercules  
  37  4:32  Supply Depot  
  38  4:40  SCV  
  38  4:43  Devastation Turret  
  38  4:52  Maelstrom Rounds  
  38  4:57  SCV  
  39  5:08  Armory  
  39  5:14  SCV  
  41  5:31  SCV  
  41  5:37  Upgrade Laser Drill Level 1  
  41  5:43  Terran Vehicle and Ship Weapons Level 1  
  41  5:58  SCV  
  42  6:15  Siege Tank  
  45  6:22  Supply Depot  
  45  6:28  SCV  
  46  6:33  Siege Tank  
  46  6:39  Science Vessel  
  51  6:47  Supply Depot  
  51  6:48  SCV  
  52  7:05  SCV  
  52  7:07  Science Vessel  
  56  7:31  Improved Nano-Repair  
  56  7:32  SCV  
  56  7:49  SCV  
  58  8:20  SCV  
  59  8:40  SCV  
  59  8:57  SCV  
  60  9:14  SCV  
  60  9:15  Upgrade Laser Drill Level 2  
  60  9:16  Terran Vehicle and Ship Weapons Level 2  
  60  9:19  Command Center  
  61  9:20  Refinery  
  62  9:31  SCV  
  62  9:38  Refinery  
  62  9:39  Supply Depot  
  62  9:48  SCV  
  60  10:05  SCV  
  60  10:09  Supply Depot  
  61  10:14  Siege Tank x2  
  68  10:22  SCV  
  68  10:29  SCV  
  63  10:39  SCV  
  64  10:46  SCV  
  65  10:50  Siege Tank x2  
  65  10:56  SCV  
  72  11:03  SCV  
  73  11:10  Factory  
  73  11:13  SCV  
  75  11:20  SCV  
  76  11:30  SCV  
  76  11:32  Goliath x2  
  76  11:37  SCV  
  76  11:38  Supply Depot  
  81  11:47  SCV  
  82  11:54  SCV  
  82  11:59  Factory Tech Reactor  
  83  12:11  Supply Depot  
  83  12:17  Goliath  
  85  12:20  Perdition Turret  
  85  12:22  Perdition Turret  
  85  12:23  Spinning Dizzy  
  85  12:24  Spinning Dizzy  
  85  12:29  Goliath x2  
  89  12:39  SCV x2  
  91  12:43  Hercules  
  94  12:51  Science Vessel  
  96  13:12  Terran Vehicle and Ship Weapons Level 3  
  96  13:13  Goliath  
  96  13:14  Science Vessel  
  100  13:21  Goliath  
  100  13:26  Goliath  
  100  13:29  Goliath  
  106  13:31  Perdition Turret x2  
  106  13:37  Perdition Turret  
  106  13:42  Ares-Class Targeting System  
  106  13:45  Goliath  
  106  13:48  Multi-Lock Weapons System  
  108  13:53  SCV  
  109  14:07  Supply Depot  
  109  14:25  Goliath x2  
  109  14:26  Goliath x2  
  109  14:28  Perdition Turret  
  117  14:44  SCV  
  118  14:51  Defensive Matrix  
  118  15:28  Supply Depot  
  118  15:40  Goliath x3  
  118  15:43  SCV x2  
  118  15:45  Perdition Turret, Spinning Dizzy  
  118  15:48  Spinning Dizzy  
  126  16:01  Supply Depot  
  126  16:02  Goliath  
  126  16:15  Goliath, Siege Tank x2  
  126  16:17  Spinning Dizzy, Supply Depot  
  134  16:29  Spinning Dizzy  
  134  16:36  Siege Tank  
  134  16:46  Siege Tank  
  134  16:47  Goliath  
  134  16:49  Supply Depot  
  135  16:51  Goliath  
  135  16:52  Perdition Turret, Regenerative Bio-Steel  
  135  16:53  Perdition Turret  
  133  17:04  Science Vessel x2  
  140  17:11  Goliath  
  140  17:19  Goliath  
  144  17:26  Spinning Dizzy  
  144  17:27  Supply Depot, SCV  
  144  17:28  Spinning Dizzy  
  145  17:52  Science Vessel, Hercules  
  150  18:00  Goliath x2  
  150  18:01  Goliath x2  
  158  18:12  Supply Depot  
  158  18:31  Advanced Optics  
  158  18:44  Supply Depot  
  158  18:48  Siege Tank x2  
  164  19:16  Supply Depot  
  163  19:38  Perdition Turret  
  163  19:39  Perdition Turret, Goliath  
  165  19:40  Goliath x2, Siege Tank x2  
  165  19:41  Perdition Turret  
  165  19:48  Supply Depot, Siege Tank  
  169  20:11  Siege Tank  
  169  20:12  Goliath x2  
  176  20:21  Supply Depot  
  176  20:24  Goliath  
  178  20:44  Goliath x2  
  178  20:45  Siege Tank  
  178  20:48  Hercules  
  183  20:55  Supply Depot  
  183  21:08  Goliath x2  
  187  21:11  Hercules  
  190  21:24  Goliath x2  
  190  21:28  Supply Depot  
  190  21:29  Siege Tank  
  194  21:40  Goliath  
  196  22:00  Supply Depot  
  179  23:02  Perdition Turret  
Show
View Real Time Build Order
Export as new Build Order

sTkmonk Terran 

Build Orders:  

Get SALT Encoding   

Tags
 
Commander
RaynorSwann
Matchup
Co-op
Replay Pack
Co-op Speedrun
Add a new tag
Caveats
  • Supply blocks, unpowered buildings, or Contaminate may cause inaccurate times.
  • Supply counts are checked every 10 seconds.